[Event "Titled Tuesday Blitz November 14 Late 2023"]
[White "Ahmad, Khagan"]
[Black "szachmistrz2500"]
[WhiteFideId "13431552"]
[WhiteElo "2636"]
[BlackElo "2449"]
[Result "1-0"]
[Round "6"]
[TimeControl "180+1"]
[Date "2023.11.14"]
[WhiteClock "0:00:40"]
[BlackClock "0:00:14"]
[Board "56"]

1. Nf3 c5 2. e4 d6 3. Bb5+ Bd7 4. Bxd7+ Qxd7 5. c4 Nc6 6. Nc3 Nf6 7. d4 cxd4 8. Nxd4 e6 9. Be3 Be7 10. O-O Rc8 11. b3 O-O 12. Rc1 Rfd8 13. f3 d5 14. exd5 exd5 15. cxd5 Nxd5 16. Nxd5 Qxd5 17. Nxc6 Rxc6 18. Qxd5 Rxd5 19. Rxc6 bxc6 20. Bxa7 Ra5 21. Bd4 Rxa2 22. Re1 Kf8 23. Bxg7+ Kxg7 24. Rxe7 Rb2 25. Rc7 Rxb3 26. Rxc6 Rb2 27. h4 f6 28. Kh2 Ra2 29. Kh3 Rb2 30. g4 Rb3 31. Kg3 Rb4 32. g5 fxg5 33. hxg5 Rb1 34. Kg4 Ra1 35. f4 Rb1 36. Rc7+ Kg8 37. Re7 Rb6 38. Kf5 h6 39. g6 Rb5+ 40. Kf6 Rb6+ 41. Re6 Rb8 42. f5 Ra8 43. g7 Kh7 44. Kf7 Rg8 45. Rxh6+ Kxh6 46. Kxg8 1-0


[Site "https://www.chess.com"]

[Event "Titled Tuesday Blitz November 14 Late 2023"]
[White "Polaczek, Richard"]
[Black "Flameboard08"]
[WhiteFideId "200026"]
[WhiteElo "2445"]
[BlackElo "2631"]
[Result "0-1"]
[Round "6"]
[TimeControl "180+1"]
[Date "2023.11.14"]
[WhiteClock "0:00:00"]
[BlackClock "0:00:17"]
[Board "57"]

1. d4 c5 2. d5 b5 3. e4 a6 4. a4 b4 5. Nd2 d6 6. Nc4 g6 7. a5 Nd7 8. Nf3 Bg7 9. Be2 Ngf6 10. Nfd2 O-O 11. O-O Ne8 12. Kh1 e6 13. dxe6 fxe6 14. Nb3 Qc7 15. Ne3 Bb7 16. f3 Kh8 17. Bc4 d5 18. exd5 exd5 19. Bxd5 Nef6 20. Bxb7 Qxb7 21. Nc4 Rad8 22. Be3 Qb5 23. Nd6 Qc6 24. Nc4 Qb5 25. Nd6 Qc6 26. Nc4 Rfe8 27. Bf2 Qe6 28. Nd6 Ne5 29. Nxe8 Rxd1 30. Raxd1 Qxe8 31. Nxc5 h5 32. Rfe1 Qb8 33. Bg3 Qb5 34. Rxe5 Ng4 35. fxg4 Bxe5 36. Bxe5+ Kg8 37. Rd8+ Kf7 38. Rd7+ Ke8 0-1


[Site "https://www.chess.com"]

[Event "Titled Tuesday Blitz November 14 Late 2023"]
[White "ATM622"]
[Black "Thomforde-Toates, Noah"]
[BlackFideId "30951992"]
[WhiteElo "2440"]
[BlackElo "2628"]
[Result "1-0"]
[Round "6"]
[TimeControl "180+1"]
[Date "2023.11.14"]
[WhiteClock "0:01:48"]
[BlackClock "0:02:20"]
[Board "58"]

1. d4 Nf6 2. c4 g6 3. g3 Bg7 4. Bg2 d6 5. Nf3 O-O 6. Nc3 Nc6 7. O-O e5 8. dxe5 Nxe5 9. Nxe5 dxe5 10. Qxd8 Rxd8 11. Bg5 Rd7 12. Rad1 c6 13. Rxd7 Bxd7 14. Rd1 Be6 15. b3 h6 16. Bc1 Bf8 17. Bb2 Nd7 18. Ne4 Be7 19. Nd6 Bxd6 20. Rxd6 Kf8 21. Ba3 Ke8 22. Be4 Rd8 23. Rxe6+ fxe6 24. Bxg6# 1-0


[Site "https://www.chess.com"]

[Event "Titled Tuesday Blitz November 14 Late 2023"]
[White "Stanojevic, Ilija"]
[Black "Adewumi, Tanitoluwa"]
[WhiteFideId "959995"]
[BlackFideId "30966396"]
[WhiteElo "2436"]
[BlackElo "2626"]
[Result "0-1"]
[Round "6"]
[TimeControl "180+1"]
[Date "2023.11.14"]
[WhiteClock "0:01:55"]
[BlackClock "0:00:55"]
[Board "59"]

1. e4 c5 2. Nc3 Nc6 3. f4 d6 4. Nf3 g6 5. Bb5 Bg7 6. Bxc6+ bxc6 7. d3 Nf6 8. O-O O-O 9. Qe1 Bg4 10. Qh4 Bxf3 11. Rxf3 c4 12. Bd2 Qb6+ 13. Kh1 Qxb2 14. Rc1 cxd3 15. Rxd3 d5 16. e5 d4 17. exf6 Bxf6 18. Qh6 dxc3 19. Rh3 Rfd8 20. Qxh7+ Kf8 21. Be3 Qxc1+ 22. Bxc1 Rd1# 0-1


[Site "https://www.chess.com"]

[Event "Titled Tuesday Blitz November 14 Late 2023"]
[White "ArtemDyachuk"]
[Black "Yeritsyan, Hayk"]
[BlackFideId "13307320"]
[WhiteElo "2625"]
[BlackElo "2434"]
[Result "1-0"]
[Round "6"]
[TimeControl "180+1"]
[Date "2023.11.14"]
[WhiteClock "0:00:02"]
[BlackClock "0:00:00"]
[Board "60"]

1. e4 c6 2. Nc3 d5 3. Nf3 Bg4 4. h3 Bxf3 5. Qxf3 e6 6. d3 Nf6 7. g3 Be7 8. Bg2 O-O 9. O-O b5 10. a3 Qb6 11. g4 Re8 12. Ne2 a5 13. Ng3 Na6 14. g5 Nd7 15. h4 a4 16. Be3 Bc5 17. Bd2 b4 18. axb4 Bxb4 19. c3 Bf8 20. Rfb1 Nac5 21. Be3 Qb5 22. d4 Nb3 23. Ra2 Nb6 24. e5 Nc4 25. h5 Nbd2 26. Qd1 Nxb1 27. Qxb1 g6 28. Bf1 Reb8 29. Bd3 Qb7 30. Bc1 Bg7 31. Ne2 a3 32. b4 c5 33. dxc5 Nxe5 34. Bf4 Rc8 35. Nd4 Nxd3 36. Qxd3 e5 37. Bd2 exd4 38. cxd4 Rcb8 39. Rxa3 Rxa3 40. Qxa3 Qb5 41. Qf3 Qc4 42. Qg3 Re8 43. Qc7 Qxd4 44. Qd7 Rf8 45. Be3 Qxb4 46. c6 Qc4 47. h6 Bd4 48. Bf4 Qe2 49. Bg3 Qc4 50. c7 Bh8 51. Qd8 d4 52. Bd6 Qc1+ 53. Kh2 Be5+ 54. Bxe5 1-0


[Site "https://www.chess.com"]

[Event "Titled Tuesday Blitz November 14 Late 2023"]
[White "Saya, Ethan"]
[Black "Wadsworth, Matthew J"]
[WhiteFideId "26095181"]
[BlackFideId "415804"]
[WhiteElo "2432"]
[BlackElo "2625"]
[Result "1-0"]
[Round "6"]
[TimeControl "180+1"]
[Date "2023.11.14"]
[WhiteClock "0:00:05"]
[BlackClock "0:00:02"]
[Board "61"]

1. d4 Nf6 2. c4 c5 3. d5 e6 4. Nc3 exd5 5. cxd5 d6 6. e4 g6 7. Nf3 a6 8. a4 Bg4 9. h3 Bxf3 10. Qxf3 Bg7 11. Bf4 O-O 12. Bd3 Ne8 13. O-O Nd7 14. Bh2 Ne5 15. Qd1 Nxd3 16. Qxd3 Rb8 17. a5 Nc7 18. Rfe1 b5 19. axb6 Rxb6 20. Re2 Re8 21. Rae1 Rb4 22. e5 Rd4 23. Qf3 dxe5 24. Bxe5 Bxe5 25. Rxe5 Rxe5 26. Rxe5 Nb5 27. Ne4 Nd6 28. Nxc5 Qc7 29. Ne4 Rc4 30. Nxd6 Rc1+ 31. Kh2 Qxd6 32. Qg3 Kg7 33. Rg5 Qxg3+ 34. Rxg3 Rc2 35. Rd3 Kf8 36. d6 Ke8 37. Re3+ Kd7 38. Re7+ Kxd6 39. Rxf7 Rxb2 40. Kg3 a5 41. Rxh7 a4 42. Rg7 a3 43. Rxg6+ Kc5 44. Ra6 a2 45. h4 Kb5 46. Ra8 Rb3+ 47. Kh2 Rb2 48. h5 Rxf2 49. h6 Rf6 50. Rxa2 Rxh6+ 51. Kg3 Kc5 52. Rd2 Rg6+ 53. Kh4 Rg8 54. g4 Rh8+ 55. Kg3 Rg8 56. Rd1 Kc6 57. Rd2 Kc5 58. Rd3 Kc4 59. Rd7 Kc5 60. Kf4 Rf8+ 61. Kg5 Rg8+ 62. Kf5 Kc6 63. Rd4 Rf8+ 64. Kg6 Kc5 65. Rd7 Kc6 66. Rf7 Rg8+ 67. Rg7 Ra8 68. g5 Kd5 69. Re7 Kd6 70. Re1 Kd5 71. Kh6 Kd4 72. g6 1-0


[Site "https://www.chess.com"]

[Event "Titled Tuesday Blitz November 14 Late 2023"]
[White "Gurevich, Dmitry"]
[Black "Vlassov, Nikolai"]
[WhiteFideId "2000407"]
[BlackFideId "4103360"]
[WhiteElo "2426"]
[BlackElo "2622"]
[Result "1-0"]
[Round "6"]
[TimeControl "180+1"]
[Date "2023.11.14"]
[WhiteClock "0:00:40"]
[BlackClock "0:00:27"]
[Board "62"]

1. d4 Nf6 2. c4 Nc6 3. Nf3 e6 4. Nc3 Bb4 5. Qc2 d6 6. Bd2 O-O 7. a3 Bxc3 8. Bxc3 Qe7 9. e3 e5 10. dxe5 dxe5 11. Be2 Bg4 12. O-O a5 13. b3 Rfe8 14. Rfd1 Nd7 15. h3 Be6 16. Nd2 f6 17. Bf3 Nc5 18. b4 axb4 19. axb4 Nd7 20. b5 Rxa1 21. Rxa1 Nd8 22. Ra8 Nc5 23. Bb4 b6 24. Ne4 Bf5 25. Bxc5 bxc5 26. Qd2 Bxe4 27. Bxe4 Nf7 28. Rxe8+ Qxe8 29. Qa5 Qd8 30. Bd5 Kf8 31. Qa7 Qd6 32. Qb8+ Nd8 33. b6 1-0


[Site "https://www.chess.com"]

[Event "Titled Tuesday Blitz November 14 Late 2023"]
[White "Bogaudinov, Rushan"]
[Black "Sakun, Volodymyr"]
[WhiteFideId "4129288"]
[BlackFideId "14114062"]
[WhiteElo "2411"]
[BlackElo "2615"]
[Result "0-1"]
[Round "6"]
[TimeControl "180+1"]
[Date "2023.11.14"]
[WhiteClock "0:00:50"]
[BlackClock "0:00:48"]
[Board "63"]

1. e4 e5 2. Nc3 Nc6 3. g3 h5 4. h3 h4 5. g4 Nge7 6. Bg2 Ng6 7. d3 Be7 8. Nge2 Bg5 9. O-O d6 10. Nd5 Bxc1 11. Qxc1 Be6 12. c4 Bxd5 13. cxd5 Nce7 14. f4 exf4 15. Nxf4 Nxf4 16. Qxf4 O-O 17. d4 Ng6 18. Qf5 c6 19. dxc6 bxc6 20. b3 Qb6 21. Rad1 a5 22. Kh1 a4 23. e5 axb3 24. axb3 dxe5 25. dxe5 Qxb3 26. Rd3 Qc4 27. Re3 Rae8 28. Re2 Qxe2 29. Rf2 Qe1+ 30. Kh2 Qxe5+ 0-1


[Site "https://www.chess.com"]

[Event "Titled Tuesday Blitz November 14 Late 2023"]
[White "Roberson, Peter T"]
[Black "Weak-Player_EGY"]
[WhiteFideId "412384"]
[WhiteElo "2611"]
[BlackElo "2371"]
[Result "1-0"]
[Round "6"]
[TimeControl "180+1"]
[Date "2023.11.14"]
[WhiteClock "0:01:02"]
[BlackClock "0:01:12"]
[Board "64"]

1. Nf3 Nf6 2. e3 g6 3. d4 Bg7 4. Be2 O-O 5. O-O c5 6. d5 d6 7. c4 a6 8. a4 Bd7 9. Nc3 Qa5 10. Bd2 Qc7 11. h3 Rc8 12. e4 Be8 13. Re1 Nbd7 14. Bf1 Rab8 15. Bf4 Qa5 16. Bh2 Qb4 17. Qc2 Nb6 18. e5 dxe5 19. Nxe5 Ra8 20. a5 Nbd7 21. Ra4 Nxe5 22. Rxb4 cxb4 23. Bxe5 bxc3 24. Bxc3 Rab8 25. Rxe7 b6 26. axb6 Rxb6 27. Bd3 Kf8 28. Qe2 Bd7 29. Bxf6 1-0


[Site "https://www.chess.com"]

[Event "Titled Tuesday Blitz November 14 Late 2023"]
[White "Melikhov, Evgeny V."]
[Black "Yelisieiev, Yevhenii"]
[WhiteFideId "4122046"]
[BlackFideId "14139642"]
[WhiteElo "2402"]
[BlackElo "2600"]
[Result "1-0"]
[Round "6"]
[TimeControl "180+1"]
[Date "2023.11.14"]
[WhiteClock "0:00:42"]
[BlackClock "0:00:02"]
[Board "65"]

1. d4 d6 2. e4 Nf6 3. Bd3 e5 4. d5 c6 5. c4 cxd5 6. cxd5 Nbd7 7. Nc3 Nc5 8. Bc2 a5 9. Nf3 Be7 10. h3 O-O 11. O-O b5 12. Nxb5 Nfxe4 13. Re1 f5 14. Nd2 Nxd2 15. Bxd2 Ba6 16. a4 Rb8 17. Na7 Bb7 18. b4 axb4 19. Bxb4 Qb6 20. Nc6 Bxc6 21. Bxc5 Qxc5 22. dxc6 Qxc6 23. a5 Qa6 24. Qd5+ Kh8 25. Bd3 Qa7 26. a6 Rb2 27. Re2 Rfb8 28. Ra2 Rxe2 29. Rxe2 h6 30. Bxf5 Qxa6 31. Ra2 Qb6 32. Qe6 Bf6 33. Be4 d5 34. Qxd5 Qb3 35. Qxb3 Rxb3 36. Ra8+ 1-0


[Site "https://www.chess.com"]

[Event "Titled Tuesday Blitz November 14 Late 2023"]
[White "Szente Varga, Fruzsina"]
[Black "Janaszak, Dawid"]
[WhiteFideId "712264"]
[BlackFideId "1119206"]
[WhiteElo "2352"]
[BlackElo "2581"]
[Result "1/2-1/2"]
[Round "6"]
[TimeControl "180+1"]
[Date "2023.11.14"]
[WhiteClock "0:00:03"]
[BlackClock "0:00:50"]
[Board "66"]

1. e4 c5 2. Nf3 Nc6 3. Bb5 e5 4. O-O Nge7 5. c3 g6 6. d4 cxd4 7. cxd4 exd4 8. Nxd4 Bg7 9. Nf3 d5 10. exd5 Qxd5 11. Qxd5 Nxd5 12. Re1+ Be6 13. Bxc6+ bxc6 14. Ng5 O-O-O 15. Nxe6 fxe6 16. Na3 Nb4 17. Rb1 Nxa2 18. Be3 Nb4 19. Bxa7 Nd3 20. Rxe6 Kb7 21. Re7+ Ka6 22. Rxg7 Nxb2 23. h3 Rd1+ 24. Rxd1 Nxd1 25. Bd4 Rd8 26. Nc2 Kb5 27. Kf1 c5 28. Be3 Kc4 29. Ke2 Nc3+ 30. Kf3 Rf8+ 31. Kg3 Ne4+ 32. Kg4 Nxf2+ 33. Bxf2 Rxf2 34. Ne3+ Kd3 35. Nd5 Rxg2+ 36. Kf3 Rh2 37. Rxh7 c4 38. Nf4+ Kd4 39. Kg3 Rh1 40. Rd7+ Ke4 41. Rc7 Rg1+ 42. Ng2 Kd4 43. Kf2 Rh1 44. h4 c3 45. Kg3 Kd3 46. Nf4+ Kd2 47. Nxg6 Rg1+ 48. Kf4 Rxg6 49. h5 Rg1 50. h6 c2 51. h7 Rh1 52. Rd7+ Kc3 53. Rc7+ Kb2 54. Rb7+ Kc1 55. Kg5 Rh3 56. Rc7 Kd2 57. Kg6 Rg3+ 58. Kh6 Rh3+ 59. Kg7 Rg3+ 60. Kf7 Rf3+ 61. Kg8 Rg3+ 62. Kf7 Rh3 63. Kg7 c1=Q 64. Rxc1 Kxc1 65. h8=Q Rxh8 66. Kxh8 1/2-1/2


[Site "https://www.chess.com"]

[Event "Titled Tuesday Blitz November 14 Late 2023"]
[White "VitaliyChayka"]
[Black "Prithu Gupta"]
[BlackFideId "46618546"]
[WhiteElo "2340"]
[BlackElo "2580"]
[Result "1/2-1/2"]
[Round "6"]
[TimeControl "180+1"]
[Date "2023.11.14"]
[WhiteClock "0:00:14"]
[BlackClock "0:00:05"]
[Board "67"]

1. d4 d5 2. Bf4 Nf6 3. e3 e6 4. Nf3 Bd6 5. Bg3 O-O 6. Nbd2 c5 7. c3 b6 8. Ne5 Ba6 9. Bxa6 Nxa6 10. Qe2 Nb8 11. e4 Qc7 12. exd5 exd5 13. O-O Nbd7 14. Nxd7 Qxd7 15. Bxd6 Qxd6 16. Rfe1 Rfe8 17. Qd3 c4 18. Qc2 g6 19. h3 Kg7 20. Nf3 Ne4 21. Ne5 f6 22. Nxc4 Qf4 23. Ne3 Rad8 24. f3 Ng5 25. Nf1 h5 26. Qd2 Qf5 27. Ng3 Qd7 28. Qf4 Rxe1+ 29. Rxe1 Re8 30. Qd2 Rxe1+ 31. Qxe1 Ne6 32. Ne2 g5 33. Ng3 Nf4 34. b3 h4 35. Nf1 Qc6 36. Ne3 Qxc3 37. Nf5+ Kg6 38. Ne7+ Kf7 39. Qxc3 Ne2+ 40. Kf2 Nxc3 41. Nc6 a5 42. a4 Ke6 43. Ke3 Kd6 44. Nd8 Nd1+ 45. Ke2 Nc3+ 46. Kd3 Na2 47. Nf7+ Ke7 48. Nh6 Nb4+ 49. Kc3 Ke6 50. Ng4 Nc6 51. Ne3 f5 52. Kd3 f4 53. Nc2 Ne7 54. b4 Nc6 55. bxa5 bxa5 56. Na3 Nb4+ 57. Kc3 Kd6 58. Nb5+ Kc6 59. Na7+ Kb7 60. Nb5 Kc6 61. Na7+ Kb6 62. Nb5 Kc6 1/2-1/2


[Site "https://www.chess.com"]

[Event "Titled Tuesday Blitz November 14 Late 2023"]
[White "Lock, Gavin R"]
[Black "angelgab3"]
[WhiteFideId "408646"]
[WhiteElo "2268"]
[BlackElo "2564"]
[Result "0-1"]
[Round "6"]
[TimeControl "180+1"]
[Date "2023.11.14"]
[WhiteClock "0:00:08"]
[BlackClock "0:01:21"]
[Board "68"]

1. e4 c5 2. Nf3 d6 3. Bb5+ Nd7 4. c3 a6 5. Ba4 Nf6 6. Qe2 b5 7. Bc2 e5 8. d4 Be7 9. O-O O-O 10. Rd1 Qc7 11. a4 cxd4 12. cxd4 Bb7 13. d5 Rfc8 14. Bd3 Nc5 15. Nbd2 Nxa4 16. Nf1 Nc5 17. Ng3 Nxd3 18. Qxd3 Qc2 19. Qxc2 Rxc2 20. b4 g6 21. h3 Rac8 22. Bd2 R2c4 23. Re1 Nd7 24. Nh2 h5 25. Rab1 Nb6 26. Red1 Na4 27. Nf3 Nc3 28. Bxc3 Rxc3 29. Nf1 Bd8 30. h4 Bb6 31. Rb2 R8c4 32. Ng5 Rc2 33. Rd2 Rxd2 34. Nxd2 Rc1+ 35. Kh2 Bxf2 36. g3 Be3 37. Nb3 Rc7 38. Na5 Bb6 39. Nb3 Bc8 40. Kg2 Bg4 41. Ra2 Rc3 42. Rxa6 Be3 43. Na5 Rc2+ 44. Kf1 Rf2+ 45. Ke1 Rg2 46. Ra8+ Kg7 47. Nf3 Bxf3 0-1


[Site "https://www.chess.com"]

[Event "Titled Tuesday Blitz November 14 Late 2023"]
[White "Urazayev, Arystanbek"]
[Black "ExchangeAB"]
[WhiteFideId "13709810"]
[WhiteElo "2822"]
[BlackElo "2449"]
[Result "1-0"]
[Round "6"]
[TimeControl "180+1"]
[Date "2023.11.14"]
[WhiteClock "0:00:05"]
[BlackClock "0:00:02"]
[Board "69"]

1. Nf3 d5 2. g3 Nf6 3. Bg2 g6 4. d4 Bg7 5. c4 c6 6. c5 O-O 7. O-O b6 8. cxb6 axb6 9. Nc3 Bf5 10. Ne5 Nfd7 11. e4 Nxe5 12. exf5 Nc4 13. fxg6 hxg6 14. h4 e5 15. dxe5 Nxe5 16. h5 Qf6 17. Bf4 Nbd7 18. Rc1 Nc5 19. Bxe5 Qxe5 20. hxg6 fxg6 21. b4 Ne6 22. Nxd5 Rxa2 23. Ne7+ Kh7 24. Qg4 Qf6 25. Rce1 Nd4 26. Kh2 Nf5 27. Nxc6 Rh8 28. Kg1 Rf8 29. Ne5 Nh6 30. Qd4 Raa8 31. Bxa8 Rxa8 32. Qd7 Rf8 33. Ng4 Qg5 34. Nxh6 Qxh6 35. Kg2 Qg5 36. Rh1+ Kg8 37. Qe6+ Rf7 38. Qc4 Qf6 39. Re8+ Bf8 40. Qe2 Kg7 41. Qe5 Bxb4 42. Qxf6+ Rxf6 43. f4 Bc5 44. Reh8 Kf7 45. R1h7+ Ke6 46. Re8+ Kd5 47. Kf3 Kc4 48. g4 b5 49. g5 Rd6 50. Rc7 b4 51. Rec8 Rd5 52. Rb7 b3 53. Rcb8 Rd3+ 54. Kg4 Bd6 55. Rc8+ Kd4 56. Rd7 Ke3 57. Re8+ Kd2 58. Red8 b2 59. Rxd6 b1=Q 60. Rxd3+ Qxd3 61. Rxd3+ Kxd3 62. f5 gxf5+ 63. Kxf5 1-0


[Site "https://www.chess.com"]

[Event "Titled Tuesday Blitz November 14 Late 2023"]
[White "Maltsevskaya, Aleksandra"]
[Black "Estrada Nieto, Julian"]
[WhiteFideId "24174041"]
[BlackFideId "5101018"]
[WhiteElo "2644"]
[BlackElo "2438"]
[Result "1-0"]
[Round "6"]
[TimeControl "180+1"]
[Date "2023.11.14"]
[WhiteClock "0:01:23"]
[BlackClock "0:00:01"]
[Board "70"]

1. Nf3 d5 2. g3 Nf6 3. d3 g6 4. Bg2 Bg7 5. O-O O-O 6. Nbd2 c5 7. e4 dxe4 8. dxe4 Nc6 9. c3 Qc7 10. Qe2 Rd8 11. Nc4 Ng4 12. Bf4 Nge5 13. Rad1 Be6 14. Ncxe5 Nxe5 15. Ng5 Bxa2 16. Rxd8+ Rxd8 17. Ra1 Bb3 18. Qb5 c4 19. Rxa7 h6 20. Rxb7 Qd6 21. Bxe5 Qxe5 22. Qxe5 Bxe5 23. Nf3 Rd1+ 24. Bf1 Bg7 25. Rxe7 Bc2 26. Kg2 Bf8 27. Re8 Kg7 28. Bxc4 Ba4 29. Rc8 Bc2 30. Rc7 Bxe4 31. Rxf7+ Kh8 32. Rxf8+ Kg7 33. Rf7+ Kh8 34. Rf4 Bc6 35. Rd4 Rb1 36. Bd5 Bd7 37. Ne5 Bf5 38. g4 Bc2 39. Be4 Bxe4+ 40. Rxe4 Rxb2 41. Nxg6+ Kg7 42. Nh4 Kf6 43. Nf3 Rc2 44. c4 Rc3 45. h4 Kg6 46. Rf4 Kg7 47. Kg3 Ra3 48. c5 Rc3 49. Rf5 Kg6 50. h5+ Kg7 51. Rd5 Rc4 52. Nd4 Rc3+ 53. Kf4 Ra3 54. f3 Rc3 55. Ke4 Kf6 56. f4 Rc1 57. g5+ Ke7 58. gxh6 Rh1 59. Rg5 Rh4 60. Ke5 1-0


[Site "https://www.chess.com"]

[Event "Titled Tuesday Blitz November 14 Late 2023"]
[White "Golubev, Mikhail"]
[Black "PoXerStar"]
[WhiteFideId "14100983"]
[WhiteElo "2612"]
[BlackElo "2437"]
[Result "1-0"]
[Round "6"]
[TimeControl "180+1"]
[Date "2023.11.14"]
[WhiteClock "0:00:05"]
[BlackClock "0:00:00"]
[Board "71"]

1. e4 c6 2. Nf3 d5 3. Nc3 dxe4 4. Nxe4 Nf6 5. Qe2 Nxe4 6. Qxe4 Qd5 7. Qf4 Qf5 8. Qe3 Qxc2 9. Ne5 Bf5 10. Bc4 e6 11. g4 Bxg4 12. Bb3 Qf5 13. Rg1 h5 14. h3 Bxh3 15. Rg5 Qf6 16. Nxf7 Qxf7 17. Qxh3 Nd7 18. Bxe6 Qe7 19. Kf1 Qxg5 20. Bxd7+ Kd8 21. d4 Qd5 22. Be6 Qd6 23. d5 Be7 24. dxc6 Qd1+ 25. Kg2 bxc6 26. Bf4 Qd5+ 27. Bxd5 1-0


[Site "https://www.chess.com"]

[Event "Titled Tuesday Blitz November 14 Late 2023"]
[White "Fiorito, Francisco"]
[Black "Marcziter, Dmitrii"]
[WhiteFideId "180165"]
[BlackFideId "13900765"]
[WhiteElo "2596"]
[BlackElo "2433"]
[Result "1-0"]
[Round "6"]
[TimeControl "180+1"]
[Date "2023.11.14"]
[WhiteClock "0:00:13"]
[BlackClock "0:00:00"]
[Board "72"]

1. Nf3 Nf6 2. g3 g6 3. Bg2 Bg7 4. O-O O-O 5. c4 d5 6. d4 Nc6 7. cxd5 Nxd5 8. e4 Nb6 9. d5 Na5 10. Nc3 c6 11. Nd4 e5 12. Nb3 Nac4 13. a4 a5 14. Nd2 cxd5 15. exd5 Nd6 16. Re1 f5 17. Nf3 e4 18. Nd4 Qf6 19. Nb3 Nbc4 20. Qe2 b6 21. Bf4 Ba6 22. Red1 g5 23. Bxd6 Nxd6 24. Qc2 Rac8 25. Nd4 Rfe8 26. Ne6 Bc4 27. Qd2 Bb3 28. Rdc1 Nc4 29. Qe2 Ne5 30. Qb5 Bc4 31. Qxb6 Rb8 32. Qc7 Rxb2 33. Nd1 Rbb8 34. Ne3 Rec8 35. Qxg7+ Qxg7 36. Nxg7 Kxg7 37. Nxf5+ Kf6 38. Nd6 Rc7 39. Nxe4+ Kg6 40. d6 Rf7 41. Rd1 Rd8 42. Nc5 Rf6 43. d7 Rb6 44. Be4+ Kg7 45. Bb1 Kf6 46. Be4 Ke7 47. Rac1 Be6 48. Nxe6 Kxe6 49. Bxh7 Nf3+ 50. Kg2 g4 51. Be4 1-0


[Site "https://www.chess.com"]

[Event "Titled Tuesday Blitz November 14 Late 2023"]
[White "aghasiyevkamal"]
[Black "Akhayan, Ruben"]
[BlackFideId "204439"]
[WhiteElo "2579"]
[BlackElo "2431"]
[Result "1-0"]
[Round "6"]
[TimeControl "180+1"]
[Date "2023.11.14"]
[WhiteClock "0:00:07"]
[BlackClock "0:00:00"]
[Board "73"]

1. e4 e5 2. Nf3 Nc6 3. Bc4 Nf6 4. d3 Bc5 5. c3 O-O 6. Bb3 d5 7. Nbd2 dxe4 8. dxe4 Bg4 9. O-O Bxf3 10. Qxf3 Qd7 11. h3 Rad8 12. Rd1 Qd3 13. Qxd3 Rxd3 14. Bc2 Rd7 15. Nb3 Rxd1+ 16. Bxd1 Nxe4 17. Nxc5 Nxc5 18. Be2 Rd8 19. Be3 Na4 20. Rb1 h6 21. Bb5 Nb6 22. g4 a6 23. Bxc6 bxc6 24. Kf1 Nc4 25. Ke2 Nxe3 26. Kxe3 Kf8 27. Rc1 Ke7 28. Re1 Rb8 29. b3 f6 30. Kd3 Rd8+ 31. Kc2 Ke6 32. Re4 f5 33. gxf5+ Kxf5 34. Ra4 Ra8 35. Kd3 g5 36. Ke3 Ke6 37. h4 Kf6 38. h5 Kf5 39. f3 c5 40. Rc4 Rd8 41. Rxc5 Kf6 42. Rxc7 Rd1 43. Rc6+ Kf5 44. Rxh6 Ra1 45. Rxa6 Rh1 46. h6 Rh3 47. Kf2 Rh2+ 48. Kg3 Rh1 49. b4 g4 50. fxg4+ Kg5 51. b5 e4 52. b6 Rxh6 53. b7 Rxa6 54. b8=Q Rf6 55. Qe5+ Kg6 56. Qxe4+ 1-0


[Site "https://www.chess.com"]

[Event "Titled Tuesday Blitz November 14 Late 2023"]
[White "Likvidator228"]
[Black "Arnold, Ken"]
[BlackFideId "2056836"]
[WhiteElo "2567"]
[BlackElo "2410"]
[Result "1/2-1/2"]
[Round "6"]
[TimeControl "180+1"]
[Date "2023.11.14"]
[WhiteClock "0:00:09"]
[BlackClock "0:00:12"]
[Board "74"]

1. d4 Nf6 2. c4 e6 3. g3 d5 4. Bg2 c6 5. Nf3 Bb4+ 6. Bd2 Be7 7. Qc2 O-O 8. O-O Nbd7 9. Bf4 Ne4 10. Nc3 Ndf6 11. Ne5 Nxc3 12. bxc3 Nd7 13. cxd5 Nxe5 14. Bxe5 exd5 15. e4 Be6 16. a4 dxe4 17. Bxe4 h6 18. Rab1 Qd7 19. a5 Bd8 20. a6 bxa6 21. Qe2 a5 22. Bd3 Bf5 23. Rfe1 Bxd3 24. Qxd3 Bb6 25. h4 Rfe8 26. Qf3 f6 27. Bf4 Qd5 28. Qg4 h5 29. Qg6 Qf7 30. Qf5 Rxe1+ 31. Rxe1 Re8 32. Be3 g6 33. Qd3 f5 34. Rb1 Re4 35. Kg2 Qd5 36. f3 Re6 37. c4 Qd7 38. c5 Bc7 39. Rb7 Re7 40. Bf4 Qc8 41. Rxa7 Bd8 42. Rxe7 Bxe7 43. Qc4+ Kg7 44. Be5+ Bf6 45. Bd6 Qd7 46. d5 cxd5 47. Qxd5 Qf7 48. Qa8 Bc3 49. c6 Qa2+ 50. Kh3 f4 51. Bxf4 Qe6+ 52. Kg2 Qe2+ 53. Kh3 Qf1+ 54. Kh2 Qf2+ 55. Kh3 Qf1+ 56. Kh2 Qf2+ 57. Kh3 Qf1+ 1/2-1/2


[Site "https://www.chess.com"]

[Event "Titled Tuesday Blitz November 14 Late 2023"]
[White "Karamsetty, Jeevan"]
[Black "Jamal-Jamal-Jamal"]
[WhiteFideId "2025337"]
[WhiteElo "2548"]
[BlackElo "2419"]
[Result "0-1"]
[Round "6"]
[TimeControl "180+1"]
[Date "2023.11.14"]
[WhiteClock "0:00:11"]
[BlackClock "0:01:03"]
[Board "75"]

1. e4 c5 2. Nf3 e6 3. g3 Nc6 4. Bg2 Nf6 5. d3 d5 6. exd5 Nxd5 7. O-O Be7 8. Nbd2 O-O 9. Re1 b6 10. a3 Bb7 11. Nc4 Rc8 12. h4 h6 13. Nfe5 Nxe5 14. Nxe5 Qc7 15. Ng4 Qb8 16. Re5 Nf6 17. Bf4 Qa8 18. Bxb7 Qxb7 19. Qe2 Nxg4 20. Qxg4 Bf6 21. Rh5 Kh7 22. Re1 Rcd8 23. Re4 Rd5 24. Rxd5 Qxd5 25. Qe2 Rd8 26. b3 Rd7 27. a4 a6 28. Bc1 Bd4 29. Rf4 f5 30. Bd2 Rf7 31. h5 Bf6 32. Rf3 Bd4 33. a5 b5 34. Rf4 Qd6 35. Rh4 Qxg3+ 36. Kf1 Qxh4 37. c3 Qh1# 0-1


[Site "https://www.chess.com"]

[Event "Titled Tuesday Blitz November 14 Late 2023"]
[White "Weimarraner"]
[Black "Zakarian, David"]
[BlackFideId "13301276"]
[WhiteElo "2528"]
[BlackElo "2406"]
[Result "1-0"]
[Round "6"]
[TimeControl "180+1"]
[Date "2023.11.14"]
[WhiteClock "0:01:13"]
[BlackClock "0:00:31"]
[Board "76"]

1. d4 Nf6 2. Nf3 e6 3. e3 b6 4. c4 Bb7 5. Nbd2 g6 6. Be2 Bg7 7. O-O O-O 8. b3 d6 9. Bb2 Nbd7 10. Qc2 Qe7 11. e4 e5 12. d5 a5 13. Ne1 Bh6 14. Rd1 Nc5 15. Nd3 Nfxe4 16. Nxe4 Nxe4 17. Nxe5 f5 18. Nf3 Bc8 19. Rfe1 Qf7 20. Nd4 Nc5 21. Bf3 Bd7 22. Ne6 Nxe6 23. dxe6 Bxe6 24. Rxe6 1-0


[Site "https://www.chess.com"]

[Event "Titled Tuesday Blitz November 14 Late 2023"]
[White "Przybylski, Wojciech"]
[Black "Garrido, Denis"]
[WhiteFideId "1117599"]
[BlackFideId "601217"]
[WhiteElo "2512"]
[BlackElo "2383"]
[Result "0-1"]
[Round "6"]
[TimeControl "180+1"]
[Date "2023.11.14"]
[WhiteClock "0:00:00"]
[BlackClock "0:00:06"]
[Board "77"]

1. e4 c6 2. d4 d5 3. Nc3 dxe4 4. Nxe4 Nf6 5. Nxf6+ exf6 6. Qe2+ Be7 7. c3 O-O 8. Be3 Bd6 9. O-O-O Re8 10. Qf3 Be6 11. Kb1 Nd7 12. Bd3 Qc7 13. Ne2 b5 14. Nf4 Bxf4 15. Bxf4 Qa5 16. a3 Bd5 17. Qh5 g6 18. Qh3 Nf8 19. f3 Ne6 20. Bd6 Qd8 21. Qg3 a5 22. h4 Ra7 23. h5 Rd7 24. hxg6 fxg6 25. Bf4 Bb3 26. Rde1 b4 27. c4 bxa3 28. d5 Nxf4 29. Qxf4 Rxe1+ 30. Rxe1 cxd5 31. c5 a2+ 32. Ka1 Re7 33. Rc1 Rc7 34. Qd4 a4 35. g4 Qe7 36. f4 Rc6 37. f5 g5 38. Bb5 Rc7 39. Qb4 Qe3 40. Re1 Qxc5 41. Qd2 Re7 42. Bd3 Rxe1+ 43. Qxe1 Qc8 44. Qe3 Qd7 45. Be2 Kf7 46. Bf3 Qe7 47. Qd2 Qe5 48. Bg2 a3 0-1


[Site "https://www.chess.com"]